AoeStats
← Gradubide_II

Arabia

509684292Analyzed
3v3 RM · 5d ago on Sep 27, 2026· 28m 3s· 6 players
Game mode
Random Map
Map size
Normal (6 player)
Population
200
Speed
Normal
Resources
Standard
Victory
Conquest
Starting age
Dark Age
Ending age
Imperial Age
RankedLock teamsTeams togetherTeam positionsShared explorationLock speedFull tech treeHidden civsTurbo modeCheats
Victory
Defeat
🇫🇷 Vietnamese · France
732
+10
🇫🇷 Franks · France
663
+12
🇧🇷 Aztecs · Brazil
425
+22
🇫🇷 Romans · France
605
-16
🇨🇱 Inca · Chile
556
-14
🇬🇧 Franks · United Kingdom
550
-14
Kaizen
3:56 Loom
8:53 Loom
11:04 Feudal Age
13:29 Double-Bit Axe
13:36 Gold Mining
15:22 Champi Runner
Gradubide_II
0:47 Loom
13:03 Feudal Age
16:10 Forging
16:00 Town Watch
16:41 Scale Mail Armor
18:24 Gold Mining
18:25 Horse Collar
18:49 Man-at-Arms
21:14 Double-Bit Axe
23:30 Scale Barding Armor
24:24 Wheelbarrow
((W@W)) Rahi
chens_pancake
0:27 Loom
14:35 Feudal Age
15:26 Double-Bit Axe
17:29 Gold Mining
18:31 Stone Mining
19:46 Town Watch
22:02 Castle Age
22:21 Scale Barding Armor
22:26 Forging
23:39 Bow Saw
25:24 Gold Shaft Mining
Joe
8:08 Loom
11:50 Feudal Age
12:16 Horse Collar
12:53 Double-Bit Axe
21:43 Castle Age
20:41 Padded Archer Armor
22:23 Wheelbarrow
22:52 Thumb Ring
23:21 Crossbowman
27:39 Bow Saw
27:35 Heavy Plow
Brmaicon85
0:47 Loom
11:08 Feudal Age
12:52 Wheelbarrow
12:00 Horse Collar
12:10 Double-Bit Axe
13:16 Wheelbarrow
14:08 Town Watch
19:23 Man-at-Arms
19:49 Arson
20:57 Scale Mail Armor
21:04 Gold Mining
23:46 Forging
26:24 Castle Age
24:24 Stone Mining
25:28 Forging
26:50 Gambesons
26:27 Long Swordsman
27:57 Hand Cart
27:48 Heavy Plow
28:01 Bow Saw
28:31 Gold Shaft Mining
28:32 Stone Shaft Mining
28:20 Caravan
Connection lost

Rejoining the realm…

Still unreachable

The connection could not be restored.

Session expired

The server has moved on; the page needs a fresh start.